 Dungeon Crawl Stone Soup version 0.31-a0-152-g6aa68a64a1 (webtiles) character file.

Game seed: 3587752131957074875

115 qw the Shooter (level 4, -10/40 HPs)
             Began as a Minotaur Hunter on June 9, 2023.
             Mangled by an ogre
             ... wielding a +0 giant club
              (26 damage)
             ... on level 3 of the Dungeon.
             The game lasted 00:00:43 (1833 turns).

qw the Shooter (Minotaur Hunter)                    Turns: 1833, Time: 00:00:44

Health: -10/40     AC:  3    Str: 16    XL:     4   Next: 68%
Magic:  3/3        EV: 12    Int:  6    God:
Gold:   193        SH:  0    Dex: 15    Spells: 3/3 levels left

rFire   . . .        Y - +1 shortbow (freeze)
rCold   + . .        (shield currently unavailable)
rNeg    . . .        c - +0 leather armour
rPois   .            (helmet restricted)
rElec   .            (no cloak)
rCorr   .            (no gloves)
SInv    .            (no boots)
Will    .....        (no amulet)
Stlth   +            f - ring of protection from cold
HPRegen 0.26/turn    (no ring)
MPRegen 0.08/turn

%: no passive effects
@: no status effects
A: horns 2, retaliatory headbutt
a: no special abilities


You were on level 3 of the Dungeon.
You visited 1 branch of the dungeon, and saw 3 of its levels.

You collected 193 gold pieces.


Innate Abilities, Weirdness & Mutations

You have a pair of horns on your head.
You reflexively headbutt those who attack you in melee.


   Skills:
 - Level 4.0 Fighting
 + Level 6.0 Ranged Weapons
 - Level 2.1 Dodging
 - Level 0.7 Stealth


You had 3 spell levels left.
You didn't know any spells.
Your spell library was empty.

Inventory:

Hand Weapons
 Y - a +1 shortbow of freezing (weapon)
Armour
 a - a +0 ring mail
 c - a +0 leather armour (worn)
Jewellery
 d - a ring of protection from cold
 f - a ring of protection from cold (left hand)
Scrolls
 g - a scroll of fog {unknown}
 j - a scroll of poison {unknown}
 k - a scroll of identify {unknown}
Potions
 b - a potion of brilliance {unknown}
 e - a potion of curing {unknown}
 h - a potion of degeneration {unknown}
 i - a potion of haste {unknown}

Dungeon Overview and Level Annotations

Branches:
Dungeon (3/15)

Altars:
Elyvilon


Message History

You kill the adder!
Your Fighting skill increases to level 4!
You now have 193 gold pieces (gained 11).
As you open the door, it creaks loudly!
An ogre and 8 goblins come into view.
The goblin shouts! x4; The ogre shouts!
The goblin shouts! x3
Found 8 large rocks.
Enter note:
Enter note:
Enter note:
Enter note: You shoot an arrow.
The arrow hits the goblin.
The arrow freezes the goblin.
The goblin is heavily wounded.
The goblin hits you with a +0 dagger.
You shoot an arrow. The arrow hits the goblin.
The arrow freezes the goblin.
You kill the goblin!
You shoot an arrow. The arrow hits the goblin!
The arrow freezes the goblin.
You kill the goblin!
You shoot an arrow. The arrow closely misses the goblin.
The arrow hits the goblin.
The arrow freezes the goblin.
The goblin is severely wounded.
The goblin closely misses you. You furiously retaliate!
You headbutt the goblin. The goblin hits you but does no damage.
You shoot an arrow. The arrow barely misses the goblin.
The arrow hits the goblin.
The arrow freezes the goblin.
You kill the goblin!
You shoot an arrow. The arrow closely misses the goblin.
The goblin barely misses you. The goblin hits you with a +0 club.
You shoot an arrow. The arrow hits the goblin.
The arrow freezes the goblin.
You kill the goblin!
You shoot an arrow. The arrow hits the ogre.
The arrow freezes the ogre.
The ogre is lightly wounded.
The goblin hits you with a +0 club.
The ogre hits you with a +0 giant club!!
You shoot an arrow. The arrow hits the ogre.
The arrow freezes the ogre.
The ogre is moderately wounded.
The goblin misses you.
The ogre hits you with a +0 giant club!!
Ouch! That really hurt!
You die...

#[###.# #.##..#.# ....#.#
#.##..#.# #.#.#.# .##..#.#
.<....# #..#.# #.#..##
####.##..#.####
#.#..##############..............
#.#..................>.###.######
#.#...~.........###.# #.#
#.#...~...####.g@##.######.#
..#.......# ###O##......).#
###.....~.# ggg#.########
.##.......# #.(.#.# ....>##..##
#..(#)# ....###### #####.# #.###
######.# <## #......# ## #.######


You could see an ogre and 4 goblins.

Vanquished Creatures
  3 adders
  4 worms
  A dart slug (D:2)
  7 orcs (D:3)
  9 endoplasms
  2 giant cockroaches
  9 goblins
  4 hobgoblins
  4 kobolds
  3 quokkas
  2 ball pythons (D:1)
  7 bats
  A frilled lizard (D:1)
  5 rats
61 creatures vanquished.

Vanquished Creatures (others)
  A butterfly (D:3)
1 creature vanquished.

Grand Total: 62 creatures vanquished

Notes
Turn   | Place    | Note
-------+----------+-------------------------------------------
     0 | D:1      | qw the Minotaur Hunter began the quest for the Orb.
     0 | D:1      | Reached XP level 1. HP: 18/18 MP: 0/0
     0 | D:1      | 0 ||| qw: Version: 0.2-a-121-gba3a3e5
     0 | D:1      | 0 ||| qw: Game counter: 3211
     0 | D:1      | 0 ||| qw: Always use a shield: true
     0 | D:1      | 0 ||| qw: God list: Okawaru
     0 | D:1      | 0 ||| qw: Allow faded altars: false
     0 | D:1      | 0 ||| qw: Do Orc after D:15 true
     0 | D:1      | 0 ||| qw: Do second Lair branch before Depths: true
     0 | D:1      | 0 ||| qw: Lair rune preference: random
     0 | D:1      | 0 ||| qw: Plans: Normal
     0 | D:1      | 0 ||| PLANNING D:1-11
    71 | D:1      | Reached XP level 2. HP: 25/25 MP: 1/1
    92 | D:1      | Reached skill level 5 in Ranged Weapons
   146 | D:1      | Reached skill level 3 in Fighting
   445 | D:1      | 445 ||| UPGRADING to ring of protection from cold.
   446 | D:1      | 446 ||| READING scroll labelled KISUM DAAT.
   447 | D:1      | 447 ||| READING scroll labelled LODAMMURYF.
   448 | D:1      | 448 ||| DROPPING scroll of butterflies.
   522 | D:2      | Reached XP level 3. HP: 31/31 MP: 2/2
  1338 | D:2      | 1338 ||| READING scroll labelled ZECZEITUWN.
  1339 | D:2      | 1339 ||| READING scroll labelled SERACIFION.
  1340 | D:2      | 1340 ||| DRINKING 2 glowing brown potions.
  1384 | D:2      | 1384 ||| DROPPING potion of lignification.
  1402 | D:3      | Reached XP level 4. HP: 38/38 MP: 3/3
  1490 | D:3      | Reached skill level 6 in Ranged Weapons
  1715 | D:3      | Found a white marble altar of Elyvilon.
  1824 | D:3      | Noticed an ogre
  1833 | D:3      | Mangled by an ogre

Levels and vault maps discovered:
D:1:      minmay_arrival_four_circles, layout_basic, hangedman_decor_push,
          grunt_decor_one_mirror
D:2:      layout_basic
D:3:      layout_loops_ring, nicolae_elyvilon_peaceful_grove, serial_shops,
          shop, chequers_serial_rivers_micro_c, minmay_ogre_servants

Skill      XL: |  1  2  3  4 |
---------------+-------------+-----
Ranged Weapons | 5 6 |  6.0
Fighting       | 3 4 |  4.0
Dodging        | |  2.1
Stealth        | |  0.7

Action                     |  1- 3 |  4- 6 || total
---------------------------+-------+-------++-------
   Fire: Shortbow          |   128 |    36 ||   164
    Use: Scroll            |     4 |       ||     4
         Potion            |     1 |       ||     1
 Armour: Leather armour    |     4 |     3 ||     7
  Dodge: Dodged            |    23 |     8 ||    31

Table legend:
 A = Non-vault XP
 B = Vault XP
 C = Vault XP percentage of total XP
 D = Non-vault monster count
 E = Vault monster count
 F = Vault count percentage of total count
                 A         B        C        D         E       F
            +---------+---------+-------+---------+---------+-------
      Total |     157 |       8 |   4.8 |      57 |       4 |   6.6
            +---------+---------+-------+---------+---------+-------
        D:1 |      37 |       0 |   0.0 |      21 |       0 |   0.0
        D:2 |      59 |       0 |   0.0 |      20 |       0 |   0.0
        D:3 |      61 |       8 |  11.6 |      16 |       4 |  20.0
            +---------+---------+-------+---------+---------+-------
